 Dungeon Crawl Stone Soup version 0.22-b1-26-g9dbaab1 (webtiles) character file.

581 Lilu the Destroyer (level 7, -2/36 HPs)
             Began as a Deep Elf Conjurer on Aug 7, 2018.
             Slain by an orc
             ... wielding a +0 whip
              (5 damage)
             ... on level 4 of the Dungeon.
             The game lasted 00:12:59 (3770 turns).

Lilu the Destroyer (Deep Elf Conjurer)              Turns: 3770, Time: 00:12:59

Health: -2/36      AC:  6    Str: 16    XL:     7   Next: 14%
Magic:  2/13       EV: 13    Int: 21    God:
Gold:   127        SH:  0    Dex: 15    Spells: 5/12 levels left

rFire    . . .     SeeInvis .   e - +0 club (curse)
rCold    . . .     Gourm    .   (no shield)
rNeg     . . .     Faith    .   a - +0 robe
rPois    .         Spirit   .   b - +2 helmet
rElec    .         Reflect  .   (no cloak)
rCorr    .         Harm     .   g - +0 pair of gloves
MR       .....                  (no boots)
Stlth    ++........             (no amulet)
HPRegen  0.12/turn              k - +6 ring of strength
MPRegen  0.13/turn              o - +4 ring of strength

@: very slightly contaminated
A: no striking features
a: no special abilities


You were on level 4 of the Dungeon.
You were not hungry.

You visited 1 branch of the dungeon, and saw 4 of its levels.

You collected 127 gold pieces.

Inventory:

Hand Weapons
 d - a cursed -2 hunting sling
 e - a cursed +0 club (weapon)
 j - a +0 dagger of speed
 p - a +1 dagger of speed
Missiles
 m - 177 stones (quivered)
Armour
 a - a +0 robe (worn)
 b - a +2 helmet (worn)
 g - a +0 pair of gloves (worn)
Jewellery
 k - a +6 ring of strength (left hand)
 o - a +4 ring of strength (right hand)
Scrolls
 f - a scroll of amnesia
 h - a scroll of enchant weapon {unknown}
 n - 2 scrolls of identify
 q - a scroll of magic mapping {unknown}
 r - a scroll of enchant armour {unknown}
 s - 2 scrolls of remove curse {unknown}
Potions
 i - 2 potions of curing
 l - a potion of invisibility {unknown}
 t - a potion of cancellation {unknown}
Comestibles
 c - 10 rations


   Skills:
 - Level 2.4 Dodging
 - Level 2.4 Stealth
 - Level 3.0 Spellcasting
 + Level 9.5 Conjurations


You had 5 spell levels left.
You knew the following spells:

 Your Spells              Type           Power        Failure   Level  Hunger
a - Magic Dart            Conj           ####         1%          1    None
b - Searing Ray           Conj           #####.       1%          2    ##.....
c - Iskenderun's Mystic   Conj           #####...     2%          4    ####...

Your spell library contained the following spells:

 Spells                   Type           Power        Failure   Level  Hunger
 Fulminant Prism          Conj/Hex       ###.......   19%         4    ####...
 Dazzling Spray           Conj/Hex       ###...       5%          3    ###....
 Force Lance              Conj/Tloc      ###.....     19%         4    ####...


Dungeon Overview and Level Annotations

Branches:
Dungeon (4/15)
 Temple: D:4-7

Altars:
Ashenzari
Qazlal
Uskayaw


Message History

Something hits you but does no damage. The orc hits you but does no damage.
The orc misses you.
You hit the orc but do no damage.
The orc is lightly wounded.
Something hits you. The orc misses you. x2
Casting: Searing Ray (safe; 1% risk of failure)
Confirm with . or Enter, or press ? or * to list all spells.
Aiming: Searing Ray (safe; 1% risk of failure)
Press: ? - help, Shift-Dir - straight line, f - orc
Aim: an orc, wielding a short sword The searing ray hits something. (Press . to maintain the ray.)
Something hits you but does no damage. The orc hits you with a whip.
* * * LOW HITPOINT WARNING * * *
The orc hits you with a short sword.
* * * LOW HITPOINT WARNING * * *
The searing ray hits something.
Something hits you.
* * * LOW HITPOINT WARNING * * *
The orc hits you with a whip.
You die...

......# #..##.# #.##.#
#. #######
#..##.######.##.# ####.
....
#...............###....
####
.......[......#.##.....
...##. #.##...........
....>.###.##.##.##....#
.......
#o.............#.#
.......
#{##....##.#####..
....... ####@##..####.#
### ....... #.Ooo##..#
#.# ## .......
#.#####..# #.# ###.
....o.. #.#
#..####.####...
.......#####o#
#...........[##
.......(Oo.O.#
###############
##############


You could see an ogre and 3 orcs.

Vanquished Creatures
  A bullfrog (D:4)
  A howler monkey (D:4)
  3 orc priests (D:4)
  6 orc wizards
  A bullfrog skeleton (D:4)
  2 worker ants (D:4)
  4 adders
  An ooze (D:3)
  4 dart slugs
  3 leopard geckos
  17 orcs
  2 giant cockroaches
  4 goblins
  10 hobgoblins
  10 jackals
  9 kobolds
  2 ball pythons (D:3)
  3 bats
  5 frilled lizards
  A leopard gecko skeleton (D:4)
  A leopard gecko zombie (D:3)
  7 rats
97 creatures vanquished.

Notes
Turn   | Place    | Note
-------+----------+-------------------------------------------
     0 | D:1      | Lilu the Deep Elf Conjurer began the quest for the Orb.
     0 | D:1      | Reached XP level 1. HP: 10/10 MP: 6/6
   208 | D:1      | Reached XP level 2. HP: 15/15 MP: 6/8
   215 | D:1      | Learned a level 2 spell: Searing Ray
   219 | D:1      | Reached skill level 5 in Conjurations
   884 | D:2      | Reached XP level 3. HP: 19/19 MP: 5/9
  1483 | D:2      | Reached skill level 6 in Conjurations
  1807 | D:3      | Reached XP level 4. HP: 24/24 MP: 6/10
  1819 | D:3      | Learned a level 4 spell: Iskenderun's Mystic Blast
  1848 | D:3      | Found a shattered altar of Ashenzari.
  2192 | D:3      | Reached skill level 7 in Conjurations
  2192 | D:3      | Reached XP level 5. HP: 13/28 MP: 1/11
  2464 | D:3      | Found a hide-covered altar of Uskayaw.
  3052 | D:4      | Reached skill level 8 in Conjurations
  3052 | D:4      | Reached XP level 6. HP: 31/32 MP: 4/12
  3607 | D:4      | Found a stormy altar of Qazlal.
  3637 | D:4      | Reached skill level 9 in Conjurations
  3719 | D:4      | Reached XP level 7. HP: 36/36 MP: 8/13
  3770 | D:4      | Slain by an orc

Skill      XL: |  1  2  3  4  5  6 |
---------------+-------------------+-----
Conjurations   | 5 6 7 8 9 |  9.5
Dodging        | |  2.4
Stealth        | |  2.4
Spellcasting   | |  3.0

Action                   |  1- 3 |  4- 6 |  7- 9 || total
-------------------------+-------+-------+-------++-------
Melee: Unarmed           |     2 |       |       ||     2
       Club              |       |    36 |    11 ||    47
 Cast: Magic Dart        |    76 |    47 |       ||   123
       Searing Ray       |     5 |    14 |     3 ||    22
  Use: Scroll            |     5 |       |       ||     5
       Potion            |       |     3 |       ||     3
  Eat: Chunk             |     3 |     5 |       ||     8
       Ration            |       |       |     1 ||     1
Armor: Robe              |     5 |    10 |     6 ||    21
Dodge: Dodged            |    17 |    36 |    33 ||    86
